 Dungeon Crawl Stone Soup version 0.26-a0-707-g31817bcca1 (webtiles) character file.

Game seed: 15170165001805621565

667 Chiseanne the Magician (level 7, -2/46 HPs)
             Began as a Demonspawn Hedge Wizard on Oct 27, 2020.
             Slain by a sky beast (5 damage)
             ... on level 5 of the Dungeon.
             The game lasted 00:11:29 (5700 turns).

Chiseanne the Magician (Demonspawn Hedge Wizard)    Turns: 5700, Time: 00:11:29

Health: -2/46      AC:  6    Str: 11    XL:     7   Next: 31%
Magic:  15/16      EV: 12    Int: 17    God:
Gold:   327        SH:  0    Dex: 12    Spells: 12/18 levels left

rFire    . . .     SeeInvis .   a - +0 dagger
rCold    . . .     Faith    .   (no shield)
rNeg     . . .     Spirit   .   b - +1 robe
rPois    .         Reflect  .   o - +0 helmet
rElec    .         Harm     .   (no cloak)
rCorr    .         Rampage  .   (no gloves)
MR       .....                  (boots unavailable)
Stlth    +.........             h - amulet of magic regeneration
HPRegen  0.15/turn              (no ring)
MPRegen  0.40/turn              (no ring)

@: hasted, very quick
A: hooves 3, icy blue scales 1
a: no special abilities


You were on level 5 of the Dungeon.
You visited 1 branch of the dungeon, and saw 5 of its levels.

You collected 327 gold pieces.

Inventory:

Hand Weapons
 a - a +0 dagger (weapon)
 s - a +0 war axe
 w - a +0 hunting sling
Missiles
 d - 66 arrows
 f - 107 sling bullets
 g - 19 poisoned darts (quivered)
 j - 10 boomerangs
 q - 44 bolts
Armour
 b - a +1 robe (worn)
 o - a +0 helmet (worn)
 u - a +0 kite shield
Jewellery
 h - an amulet of magic regeneration (around neck)
Wands
 v - a wand of paralysis (8)
Scrolls
 l - 4 scrolls of remove curse
 r - 2 scrolls of teleportation
Potions
 e - 2 potions of stabbing
 p - a potion of cancellation
 x - a potion of mutation


   Skills:
 - Level 1.7 Dodging
 - Level 1.7 Stealth
 * Level 6.0 Spellcasting
 * Level 5.6 Conjurations
   Level 1.0 Summonings
 - Level 0.8 Translocations


You had 12 spell levels left.
You knew the following spells:

 Your Spells              Type           Power        Failure   Level
a - Magic Dart            Conj           ###.         1%          1
b - Blink                 Tloc           N/A          14%         2
d - Mephitic Cloud        Conj/Pois/Air  ##......     19%         3

Your spell library contained the following spells:

 Spells                   Type           Power        Failure   Level
 Conjure Flame            Conj/Fire      ##......     12%         3
 Call Imp                 Summ           #.......     13%         2
 Slow                     Hex            #.......     19%         2


Dungeon Overview and Level Annotations

Branches:
Dungeon (5/15)
 Temple: D:4-7

Altars:
Cheibriados

Shops:
D:4 :

Annotations:
D:3 Terence
D:5 Ijyb


Innate Abilities, Weirdness & Mutations

You have hooves in place of feet.
You are partially covered in icy blue scales. (AC +2)


Message History

You completely miss the worker ant.
The worker ant is moderately wounded.
The sky beast hits you but does no damage.
You hit the worker ant.
The worker ant is heavily wounded.
The worker ant bites you but does no damage.
The sky beast hits you but does no damage.
You barely miss the worker ant.
The worker ant is heavily wounded.
You feel less wooden.
Your +0 helmet unmelds from your body.
Your +1 robe unmelds from your body.
The worker ant barely misses you.
Ijyb the Twisted Goblin comes into view.
She is wielding a +0 dagger, wearing a +4 ring mail of cold resistance and carrying a wand of polymorph (8).
Ijyb shouts!
You hit the worker ant.
The worker ant is severely wounded.
The sky beast hits you.
* * * LOW HITPOINT WARNING * * *
The sky beast shocks you.
You die...

#.#
#.#
#.#
#.#
#.#
#l#
#B#
#@#
#Y#
#≈#
#.#
##
#(#
.#
#.#
.###
#.#
.#..
#g#
.#.#
#.#


You could see a sky beast, Ijyb, an iguana and a worker ant.

Vanquished Creatures
  3 ogres (D:4)
  A centaur (D:5)
  A bullfrog skeleton (D:4)
  A hound (D:4)
  An orc wizard (D:4)
  Natasha (D:3)
  A worker ant (D:4)
  A hound skeleton (D:4)
  Robin (D:3)
  5 adders
  A gnoll (D:1)
  A white imp (D:4)
  An ooze (D:1)
  3 worms
  5 dart slugs (D:1)
  A leopard gecko (D:1)
  3 orcs (D:4)
  A ball python (D:1)
  10 bats
  3 giant cockroaches
  16 goblins
  8 hobgoblins
  4 jackals
  4 quokkas
  3 frilled lizards
  A jackal skeleton (D:4)
  6 kobolds
  4 rats
91 creatures vanquished.

Notes
Turn   | Place    | Note
-------+----------+-------------------------------------------
     0 | D:1      | Chiseanne the Demonspawn Hedge Wizard began the quest for
                  | the Orb.
     0 | D:1      | Reached XP level 1. HP: 13/13 MP: 4/4
   199 | D:1      | Gained mutation: You are partially covered in icy blue
                  | scales. (AC +2) [demonic ancestry]
   199 | D:1      | Reached XP level 2. HP: 5/19 MP: 0/6
   830 | D:1      | Learned a level 2 spell: Blink
  1122 | D:1      | Reached XP level 3. HP: 24/24 MP: 1/8
  1195 | D:1      | Learned a level 3 spell: Mephitic Cloud
  1269 | D:1      | You fall into a shaft and drop 1 floor!
  2085 | D:2      | Found a faded altar of an unknown god.
  2127 | D:2      | Found a snail-covered altar of Cheibriados.
  2266 | D:2      | Reached XP level 4. HP: 30/30 MP: 7/9
  2342 | D:2      | Reached skill level 4 in Spellcasting
  3149 | D:3      | Noticed Robin
  3252 | D:3      | Killed Robin
  3628 | D:3      | Noticed Terence
  3761 | D:3      | Noticed Natasha
  3769 | D:3      | Killed Natasha
  3769 | D:3      | Gained mutation: You have large cloven feet. [demonic
                  | ancestry]
  3769 | D:3      | Reached XP level 5. HP: 23/35 MP: 5/11
  4025 | D:4      | Found Esaxel's Book Shoppe.
  4509 | D:4      | Noticed an ogre
  4521 | D:4      | Killed an ogre
  4521 | D:4      | Reached skill level 5 in Spellcasting
  4521 | D:4      | Gained mutation: You have hoof-like feet. [demonic
                  | ancestry]
  4521 | D:4      | Reached XP level 6. HP: 41/41 MP: 3/13
  4846 | D:4      | Reached skill level 5 in Conjurations
  4989 | D:4      | Gained mutation: You have hooves in place of feet. [demonic
                  | ancestry]
  4989 | D:4      | Reached XP level 7. HP: 43/46 MP: 9/15
  5503 | D:5      | Entered Level 5 of the Dungeon
  5676 | D:5      | HP: 1/46 [centaur/arrow (18)]
  5691 | D:5      | Reached skill level 6 in Spellcasting
  5699 | D:5      | Noticed Ijyb
  5700 | D:5      | Slain by a sky beast

Illustrated notes

Levels and vault maps discovered:
D:1:      dpeg_arrival_snail, layout_basic
D:2:      layout_basic, lemuel_crystal_altar, chequers_ecumenical_altar_simple
D:3:      layout_basic, grunt_decor_arrowhead, uniq_robin, uniq_natasha,
          uniq_terence
D:4:      minmay_evil_eye, layout_basic, serial_shops, shop, minmay_diced_spiral
D:5:      layout_loops_ring, minmay_temple_entry_poolview,
          lightli_ossuary_entry_decrepit_ruins, uniq_ijyb

Skill      XL: |  1  2  3  4  5  6  7 |
---------------+----------------------+-----
Conjurations   | 2 3 4 5 |  5.6
Spellcasting   | 4 5 6 |  6.0
Dodging        | |  1.7
Stealth        | |  1.7
Summonings     | |  1.0
Translocations | |  0.8

Action                   |  1- 3 |  4- 6 |  7- 9 || total
-------------------------+-------+-------+-------++-------
Melee: Dagger            |    15 |    56 |    46 ||   117
       Kick              |       |     7 |     7 ||    14
 Cast: Magic Dart        |   104 |   131 |    31 ||   266
       Mephitic Cloud    |       |     6 |     1 ||     7
  Use: Scroll            |     6 |     1 |     6 ||    13
       Potion            |       |       |     3 ||     3
 Stab: Confused          |       |     4 |       ||     4
Armor: Robe              |     8 |    24 |    11 ||    43
       Skin              |       |       |    26 ||    26
Dodge: Dodged            |    24 |    28 |    25 ||    77

Table legend: (Time is in decaauts)
 A = Elapsed time spent in this place.
 B = Non-inter-level travel time spent in this place.
 C = Inter-level travel time spent in this place.
 D = Time resting spent in this place.
 E = Time spent auto-exploring this place.
 F = Levels seen in this place.
 G = Mean time per level.
                   A        B        C        D        E       F      G
               +--------+--------+--------+--------+--------+-----+--------+
         Total |   5702 |   5576 |    126 |   2371 |   2304 |   5 | 1140.4 |
       Dungeon |   5702 |   5576 |    126 |   2371 |   2304 |   5 | 1140.4 |
               +--------+--------+--------+--------+--------+-----+--------+

Top non-repeatable levels by time:
     D:1: 2034 daAuts
     D:4: 1569 daAuts
     D:2: 1102 daAuts
     D:3: 799 daAuts
     D:5: 195 daAuts
